[Event "Team 45 45 League T41"]
[Site "Internet Chess Club"]
[Date "2009.05.24"]
[Round "4"]
[White "chessateer"]
[Black "markgravitygood"]
[Result "0-1"]
[WhiteElo "1813"]
[BlackElo "1905"]
[Opening "Caro-Kann: exchange variation"]
[ECO "B13"]
[Time "10:00:07"]
[TimeControl "2700+45"]

1. e4 c6 2. d4 d5 3. exd5 cxd5 4. Bd3 Nc6 5. c3 Qc7 6. Qb3 e6 7. Nf3 Bd6 8. O-O
Nge7 9. Bg5 Ng6 10. Nbd2 O-O 11. Qc2 Bd7 12. Rae1 Rae8 13. h4 f5 14. h5 Nh8 15.
g4 h6 16. gxf5 exf5 17. Rxe8 Bxe8 18. Bxf5 g6 19. Be6+ Kg7 20. Bh4 g5 21. Bxg5
Bxh5 22. Bxh6+ Kxh6 23. Bxd5 Bxf3 24. Nxf3 Qg7+ 25. Kh1 Qg4 26. Qe4 Qh3+ 27. Kg1
Rxf3 28. Qxf3 Qh2# {White checkmated} 0-1

[Event "Team 45 45 League T41"]
[Site "Internet Chess Club"]
[Date "2009.05.28"]
[Round "4"]
[White "Gupta"]
[Black "ddlj81"]
[Result "0-1"]
[WhiteElo "1816"]
[BlackElo "1860"]
[Opening "QGD Slav: 4.Nc3"]
[ECO "D15"]
[Time "22:08:04"]
[TimeControl "2700+45"]

1. d4 d5 2. c4 c6 3. Nf3 Nf6 4. Nc3 a6 5. c5 Nbd7 6. h3 Qc7 7. b4 a5 8. b5 b6 9.
Ne5 bxc5 10. Nxc6 Bb7 11. Qa4 Nb6 12. Qb3 c4 13. Qc2 Bxc6 14. bxc6 Qxc6 15. Rb1
e6 16. Bf4 Bb4 17. Bd2 O-O 18. g4 Bxc3 19. Qxc3 Ne4 20. Qf3 Nxd2 21. Kxd2 Na4
22. h4 Rfb8 23. Bh3 Rb4 24. h5 c3+ 25. Ke3 c2 26. Rbc1 Qc3+ 27. Kf4 Rxd4+ 28.
Kg3 Qxf3+ 29. Kxf3 Rc8 30. e3 Rd2 31. Bf1 Rd1 32. Bb5 Rxh1 {White resigns} 0-1

[Event "Team 45 45 League T41"]
[Site "Internet Chess Club"]
[Date "2009.05.28"]
[Round "4"]
[White "touchthis"]
[Black "BraafPaard"]
[Result "1-0"]
[WhiteElo "1868"]
[BlackElo "1564"]
[Opening "Bird: From gambit"]
[ECO "A02"]
[Time "13:46:39"]
[TimeControl "2700+45"]

1. f4 e5 2. fxe5 d6 3. Nf3 Nc6 4. e4 dxe5 5. Bb5 Bd7 6. O-O Bc5+ 7. Kh1 Nf6 8.
Bxc6 Bxc6 9. d3 Qe7 10. Bg5 O-O-O 11. Qe2 Qe6 12. Nbd2 h6 13. Be3 Bxe3 14. Qxe3
Kb8 15. Nc4 Nd7 16. a4 f6 17. b4 Nb6 18. Nxb6 cxb6 19. b5 Be8 20. Rfb1 Bh5 21.
Nd2 Bf7 22. a5 Qd6 23. axb6 axb6 24. Ra4 Qc5 25. Qxc5 bxc5 26. b6 Rd6 27. Rba1
Rxb6 28. Ra8+ {Black resigns} 1-0

[Event "Team 45 45 League T41"]
[Site "Internet Chess Club"]
[Date "2009.05.24"]
[Round "4"]
[White "AngryPirate"]
[Black "RandyPCC"]
[Result "1/2-1/2"]
[WhiteElo "1431"]
[BlackElo "1721"]
[Opening "Pirc defense"]
[ECO "B07"]
[Time "13:00:15"]
[TimeControl "2700+45"]

1. e4 d6 2. d4 Nf6 3. Nc3 Nbd7 4. Be3 e5 5. d5 Be7 6. Qd2 O-O 7. f3 c6 8. g4
cxd5 9. g5 d4 10. gxf6 dxe3 11. Qxe3 Bxf6 12. Nge2 Qb6 13. Qxb6 Nxb6 14. O-O-O
Rd8 15. Ng3 a6 16. Rg1 Bg5+ 17. Kb1 Be3 18. Rg2 Bh3 19. Re2 Bxf1 20. Rxf1 Nc4
21. Rd1 Bg5 22. b3 Nb6 23. Nf5 Rac8 24. Nd5 Nxd5 25. Rxd5 Rc6 26. Rg2 Bf6 27.
Rgd2 Rc3 28. R2d3 Rdc8 29. Nxd6 Rxd3 30. Rxd3 Rb8 31. Nf5 Bg5 32. Rd7 b6 33.
Ne7+ Kf8 34. Nd5 Ke8 35. Rd6 Bd8 36. Kc1 {Game drawn by mutual agreement}
1/2-1/2

[Event "Team 45 45 League T41"]
[Site "Internet Chess Club"]
[Date "2009.05.21"]
[Round "4"]
[White "Spencer"]
[Black "FutureCGA"]
[Result "0-1"]
[WhiteElo "1781"]
[BlackElo "1948"]
[Opening "Pirc: Austrian attack"]
[ECO "B09"]
[Time "20:30:11"]
[TimeControl "2700+45"]

1. e4 d6 2. d4 Nf6 3. Nc3 g6 4. f4 Bg7 5. Nf3 c6 6. Bd3 Bg4 7. h3 Bxf3 8. Qxf3
Qb6 9. Ne2 Nbd7 10. O-O e5 11. Be3 Qc7 12. c4 O-O 13. g4 Rae8 14. f5 exd4 15.
Nxd4 Nc5 16. g5 Nfxe4 17. f6 Nxd3 18. fxg7 Kxg7 19. Qg4 d5 20. Ne2 f5 21. Qh4
Kg8 22. Bd4 c5 23. Be3 d4 24. Bf4 Qe7 25. b4 Nxb4 26. a3 Nc6 27. Rad1 Nxg5 28.
Bxg5 Qxe2 29. Bh6 Re4 30. Qg3 f4 31. Qh4 Qe3+ 32. Kh1 f3 33. Rde1 Rxh4 34. Bxe3
Rxh3+ 35. Kg1 dxe3 36. Rxe3 f2+ {White resigns} 0-1

[Event "Team 45 45 League T41"]
[Site "Internet Chess Club"]
[Date "2009.05.23"]
[Round "4"]
[White "Portola"]
[Black "jolin54"]
[Result "0-1"]
[WhiteElo "1655"]
[BlackElo "1421"]
[Opening "Queen's pawn"]
[ECO "A40"]
[Time "21:00:15"]
[TimeControl "2700+45"]

1. d4 e6 2. Nf3 c5 3. e3 b6 4. g3 Bb7 5. Bg2 Nf6 6. O-O Be7 7. Nc3 O-O 8. Re1 d5
9. Ne5 Nbd7 10. f4 Qc7 11. Qe2 Ne4 12. Bd2 f6 13. Nxd7 Qxd7 14. Nxe4 dxe4 15.
Bc3 f5 16. dxc5 Bxc5 17. Qh5 Qf7 18. Qxf7+ Kxf7 19. Rad1 Rad8 20. Kf2 Ba6 21.
Bf1 Bxf1 22. Rxf1 Be7 23. h4 Rxd1 24. Rxd1 Rd8 25. Rxd8 Bxd8 26. Be5 Bf6 27. Bb8
a6 28. c3 h6 29. Ba7 b5 30. Bd4 Ke7 31. Ke2 g5 32. Bxf6+ Kxf6 33. h5 e5 34.
fxe5+ Kxe5 35. Kf2 a5 36. b3 Kd5 37. a3 a4 38. bxa4 bxa4 39. Ke2 Kc4 40. Kd2 Kb3
41. c4 Kxc4 42. Kc2 Kd5 43. Kc3 Kc5 44. Kd2 Kd5 45. Kc3 Ke5 46. Kd2 f4 47. gxf4+
gxf4 48. exf4+ Kxf4 49. Ke2 Kg4 50. Ke3 Kxh5 51. Kxe4 Kg4 52. Ke3 Kg3 53. Ke2
Kg2 54. Ke3 h5 55. Kf4 h4 56. Kg4 h3 {White resigns} 0-1

[Event "Team 45 45 League T41"]
[Site "Internet Chess Club"]
[Date "2009.05.25"]
[Round "4"]
[White "Karan99"]
[Black "clarinetref"]
[Result "1/2-1/2"]
[WhiteElo "1561"]
[BlackElo "1696"]
[Opening "King's pawn opening"]
[ECO "B07"]
[Time "15:00:06"]
[TimeControl "2700+45"]

1. e4 d6 2. d4 g6 3. Nf3 Bg7 4. Bc4 Nf6 5. e5 dxe5 6. Nxe5 e6 7. O-O O-O 8. Nc3
Nbd7 9. Bg5 h6 10. Bh4 g5 11. Bg3 c5 12. dxc5 Nxc5 13. Qxd8 Rxd8 14. Rad1 Bd7
15. b4 Nce4 16. Nxe4 Nxe4 17. Rxd7 Nxg3 18. Rxd8+ Rxd8 19. Nxf7 Kxf7 20. fxg3+
Ke7 21. Re1 e5 22. Kf2 Rd4 23. Bb3 Rxb4 24. Ke2 a5 25. Rf1 Bf6 26. Rf3 a4 27.
Bd5 g4 28. Ra3 b5 29. h3 Kd6 30. Rd3 Kc5 31. Be6 Re4+ 32. Re3 Rxe3+ 33. Kxe3 h5
34. hxg4 hxg4 35. Bxg4 Kb4 36. Be6 Kc3 37. Bd7 Kxc2 38. Bxb5 a3 39. Bc4 Kc3
{Game drawn by mutual agreement} 1/2-1/2

[Event "Team 45 45 League T41"]
[Site "Internet Chess Club"]
[Date "2009.05.24"]
[Round "4"]
[White "tryanything"]
[Black "HotRats"]
[Result "0-1"]
[WhiteElo "1565"]
[BlackElo "1282"]
[Opening "Sicilian: Smith-Morra gambit"]
[ECO "B21"]
[Time "19:26:21"]
[TimeControl "2700+45"]

1. e4 c5 2. d4 cxd4 3. c3 dxc3 4. Nxc3 Nc6 5. Nf3 d6 6. Bc4 e6 7. Qe2 Be7 8. O-O
Nf6 9. Rd1 Qc7 10. Nb5 Qb8 11. Bg5 a6 12. Nc3 b5 13. Bd3 O-O 14. Rac1 Bb7 15. a3
Re8 16. b4 Qa7 17. h3 Rac8 18. e5 dxe5 19. Nxe5 Nxe5 20. Qxe5 Qa8 21. Qg3 Rc6
22. Bxf6 Bxf6 23. Ne4 Be7 24. Rxc6 Bxc6 25. Nc5 a5 26. f3 Qa7 27. Qf2 Rd8 28.
Bc2 Rxd1+ 29. Bxd1 axb4 30. axb4 Qa1 31. Qd2 g6 32. Kf2 Bf6 33. Nb3 Qa7+ 34. Kf1
Bd5 35. Na5 Qc7 36. Qc2 Qd6 37. Qd2 Be7 38. Be2 Qxb4 39. Qxb4 Bxb4 {White
resigns} 0-1

[Event "Team 45 45 League T41"]
[Site "Internet Chess Club"]
[Date "2009.05.24"]
[Round "4"]
[White "Folgers"]
[Black "Ptzz"]
[Result "1/2-1/2"]
[WhiteElo "2108"]
[BlackElo "2113"]
[Opening "Levitsky attack (Queen's bishop attack)"]
[ECO "D00"]
[Time "18:00:19"]
[TimeControl "2700+45"]

1. d4 d5 2. Bg5 h6 3. Bh4 c6 4. Nd2 Qb6 5. Nb3 e5 6. e3 Bf5 7. Nf3 Nd7 8. dxe5
Nxe5 9. Nxe5 Qb4+ 10. c3 Qxh4 11. Bd3 Bxd3 12. Nxd3 Bd6 13. Nd4 g6 14. Qb3 Qe7
15. c4 Nf6 16. cxd5 Nxd5 17. O-O O-O 18. Rac1 Rab8 19. a3 h5 20. Qc4 Nf6 21. Nf3
Ne4 22. Rfd1 Nf6 23. Nf4 Bxf4 24. Qxf4 Nd5 25. Qe5 Rfe8 26. Qxe7 Rxe7 {Game
drawn by mutual agreement} 1/2-1/2

[Event "Team 45 45 League T41"]
[Site "Internet Chess Club"]
[Date "2009.05.23"]
[Round "4"]
[White "Zumbi"]
[Black "FutureCGA"]
[Result "0-1"]
[WhiteElo "2032"]
[BlackElo "1969"]
[Opening "Pirc defense"]
[ECO "B07"]
[Time "09:03:30"]
[TimeControl "2700+45"]

1. e4 d6 2. d4 Nf6 3. Nc3 g6 4. Be3 Bg7 5. Qd2 Ng4 6. Bg5 h6 7. Bh4 g5 8. Bg3 f5
9. exf5 Bxf5 10. h3 Nf6 11. O-O-O c6 12. Be2 Qa5 13. Kb1 b5 14. Qe3 b4 15. Bxd6
e6 16. g4 bxc3 17. gxf5 Qxf5 18. Bd3 Qd5 19. Bg6+ Kd8 20. Bc5 Qxh1 21. Qxe6 Nbd7
22. Qe7+ Kc8 23. Qxg7 Rg8 24. Qxh6 Qd5 25. Ne2 cxb2 26. Nc3 Qf3 27. Rd3 Qf4 28.
Rd1 Kc7 29. Bf7 Rh8 30. Qg6 Rxh3 31. Kxb2 Nxc5 32. dxc5 Qb4+ 33. Bb3 Qxc3+ 34.
Kb1 Rd8 35. Rg1 Qe5 36. Qf7+ Rd7 37. Qf8 Kb7 38. Bc4 Rc3 39. Bd3 Rxc5 40. Rg3
Rb5+ 41. Kc1 Qe1# {White checkmated} 0-1

[Event "Team 45 45 League T41"]
[Site "Internet Chess Club"]
[Date "2009.05.25"]
[Round "4"]
[White "TerryMalloy"]
[Black "pishd"]
[Result "1/2-1/2"]
[WhiteElo "1987"]
[BlackElo "1766"]
[Opening "Dutch defense, Blackburne variation"]
[ECO "A40"]
[Time "11:19:38"]
[TimeControl "2700+45"]

1. d4 e6 2. g3 f5 3. Bg2 Nf6 4. Nh3 d6 5. O-O Be7 6. c3 c6 7. Bg5 Ne4 8. Bxe7
Qxe7 9. f3 Nf6 10. e4 e5 11. exf5 Bxf5 12. Nd2 O-O 13. dxe5 dxe5 14. Nf2 Kh8 15.
Qe2 Nbd7 16. Rfe1 Qc5 17. Kh1 Rae8 18. Rad1 Re7 19. Nde4 Nxe4 20. Nxe4 Bxe4 21.
Qxe4 Nf6 22. Qe3 Qxe3 23. Rxe3 Rfe8 24. Rde1 Kg8 25. Kg1 Kf7 26. Kf2 g5 27. h3
h6 28. f4 gxf4 29. gxf4 exf4 30. Rxe7+ Rxe7 31. Rxe7+ Kxe7 32. Kf3 Nd5 33. Ke4
Kf6 34. h4 Ne3 35. Bf3 Nc4 36. b3 Nd2+ 37. Kxf4 Nxf3 38. Kxf3 Kf5 39. Kg3 h5 40.
Kf3 b6 41. a3 a6 42. a4 c5 43. b4 c4 44. b5 a5 45. Ke3 Kg4 46. Kd4 Kxh4 47. Kd5
Kg4 48. Kc6 h4 49. Kxb6 h3 50. Ka7 h2 51. b6 h1=Q 52. b7 Qh7 53. Ka8 Qe4 54. Ka7
Qe3+ 55. Ka8 Qf3 56. Ka7 Qf7 57. Ka8 Qd5 58. Ka7 Qd7 59. Ka8 Qc6 60. Ka7 Qc7
{Game drawn by mutual agreement} 1/2-1/2

[Event "Team 45 45 League T41"]
[Site "Internet Chess Club"]
[Date "2009.05.25"]
[Round "4"]
[White "AntonioMendonca"]
[Black "azbycx"]
[Result "1-0"]
[WhiteElo "1687"]
[BlackElo "1796"]
[Opening "Sicilian: Nimzovich-Rubinstein variation"]
[ECO "B29"]
[Time "18:21:19"]
[TimeControl "2700+45"]

1. e4 c5 2. Nf3 Nf6 3. Nc3 d5 4. exd5 Nxd5 5. Bb5+ Bd7 6. Ne5 Bxb5 7. Qf3 f6 8.
Nxb5 fxe5 9. Qxd5 Qxd5 10. Nc7+ Kf7 11. Nxd5 Nc6 12. d3 Nd4 13. Ne3 e6 14. b3
Bd6 15. Bb2 Rhf8 16. O-O Kg8 17. Rae1 b5 18. c3 Nc6 19. Ng4 h5 20. Ne3 g5 21. f3
Rf7 22. Rf2 Raf8 23. Nf1 g4 24. Nd2 gxf3 25. Rxf3 Rxf3 26. Nxf3 Rf5 27. Nd2 Kf7
28. Ne4 Be7 29. Ng3 Rg5 30. Rf1+ Kg6 31. Bc1 Rg4 32. Ne4 Kg7 33. g3 h4 34. h3
Rg6 35. g4 b4 36. Bd2 a5 37. Rf2 Nb8 38. Be3 Nd7 39. cxb4 cxb4 40. Rc2 Kf7 41.
Rc7 Ke8 42. Rc8+ Bd8 43. Bg5 Rxg5 44. Nxg5 Nb6 45. Rb8 Nd7 46. Ra8 Nb6 47. Rxa5
Bxg5 48. Rxe5 Be7 49. Rxe6 Kf7 50. Re4 Nd5 51. Re5 Nc3 52. Ra5 Ke6 53. Kf2 Nd5
54. Kf3 Ke5 55. Ra8 Kd4 56. Re8 Kxd3 57. g5 Kd4 58. Kg4 Ke5 59. Rh8 Ne3+ 60.
Kxh4 Kf5 61. Rg8 Nd5 62. Kh5 Nf4+ 63. Kh6 Nxh3 64. g6 Bg5+ 65. Kh7 Be7 66. Rb8
Ng5+ 67. Kh6 Ne6 68. g7 Nxg7 69. Kxg7 Bf6+ 70. Kf7 Bc3 71. Re8 Be5 72. Rxe5+
Kxe5 73. Ke7 Kd5 74. Kd7 Kc5 75. Kc7 Kb5 76. Kb7 Ka5 77. Kc6 Ka6 78. Kc5 Ka5 79.
Kc4 {Black resigns} 1-0

[Event "Team 45 45 League T41"]
[Site "Internet Chess Club"]
[Date "2009.05.24"]
[Round "4"]
[White "jesterday"]
[Black "Blade"]
[Result "0-1"]
[WhiteElo "1959"]
[BlackElo "2146"]
[Opening "Caro-Kann: anti-anti-Caro-Kann defense"]
[ECO "B10"]
[Time "14:01:47"]
[TimeControl "2700+45"]

1. e4 c6 2. c4 d5 3. cxd5 cxd5 4. exd5 Nf6 5. d4 Nxd5 6. Nc3 e6 7. Nf3 Bb4 8.
Bd2 Nc6 9. Bb5 O-O 10. O-O Be7 11. Bf4 Nxf4 12. Ne4 Qb6 13. Bc4 Qxb2 14. Rb1 Qa3
15. Qd2 Nd5 16. Rb3 Qa5 17. Qe2 Rd8 18. Nfg5 Bxg5 19. Nxg5 Nf4 20. Qg4 Rxd4 21.
Bb5 h6 22. Nxf7 Kxf7 23. Rg3 Qxb5 24. Qxg7+ Ke8 25. Qh8+ Kd7 26. Qg7+ Kd6 27.
Qf8+ Kc7 28. Rg7+ Bd7 {White resigns} 0-1

[Event "Team 45 45 League T41"]
[Site "Internet Chess Club"]
[Date "2009.05.24"]
[Round "4"]
[White "Ben622"]
[Black "makito"]
[Result "1-0"]
[WhiteElo "2012"]
[BlackElo "1818"]
[Opening "Sicilian: Najdorf, Lipnitzky attack"]
[ECO "B86"]
[Time "11:31:21"]
[TimeControl "2700+45"]

1. e4 c5 2. Nf3 d6 3. d4 cxd4 4. Nxd4 Nf6 5. Nc3 a6 6. Bc4 e6 7. Bb3 Be7 8. O-O
O-O 9. f4 Nc6 10. Be3 Qc7 11. Qf3 Nxd4 12. Bxd4 b5 13. f5 e5 14. Be3 Bb7 15. a3
Rac8 16. g4 Qd8 17. g5 Rxc3 18. gxf6 Rxe3 19. Qxe3 Bxf6 20. Rad1 Qc7 21. c3 Be7
22. Bd5 Rc8 23. Qa7 Bxd5 24. Qxc7 Rxc7 25. Rxd5 Rc4 26. Re1 Kf8 27. Kg2 Ke8 28.
Kf3 Kd7 29. Red1 Kc7 30. Ke3 Kb6 31. Rg1 Bf8 32. Kd3 Rc6 33. Rg2 Kc7 34. Rc2 Rc5
35. c4 bxc4+ 36. Rxc4 Rxc4 37. Kxc4 Kb6 38. a4 Be7 39. b4 g5 40. a5+ Kb7 41. b5
h5 42. b6 g4 43. Rd2 Kc6 44. Rc2 Bd8 45. Kd3+ Kb7 46. Kc4 Kc6 47. Rb2 Kb7 48.
Kd5 Bg5 49. Rc2 Bd8 50. Kxd6 f6 51. Kd7 Bxb6 52. Rb2 h4 53. Rxb6+ Ka7 54. Rxf6
{Black resigns} 1-0

[Event "Team 45 45 League T41"]
[Site "Internet Chess Club"]
[Date "2009.05.28"]
[Round "4"]
[White "besonegro"]
[Black "TOXIC-AVENGER"]
[Result "0-1"]
[WhiteElo "1727"]
[BlackElo "1945"]
[Opening "Queen's bishop game"]
[ECO "D02"]
[Time "13:01:43"]
[TimeControl "2700+45"]

1. d4 d5 2. Nf3 Nf6 3. Bf4 Nc6 4. c3 e6 5. e3 Be7 6. Bd3 O-O 7. h3 Ne4 8. Nbd2
f5 9. O-O Bd7 10. Ne5 Be8 11. Ndf3 g5 12. Nxc6 Bxc6 13. Bh2 h5 14. Bxe4 dxe4 15.
Ne5 Qe8 16. Nxc6 bxc6 17. f3 exf3 18. Qxf3 g4 19. hxg4 hxg4 20. Qf4 Rf7 21. Qxc7
Ba3 22. Qa5 Be7 23. Bg3 c5 24. dxc5 Qc6 25. b4 Qe4 26. Rfe1 Bg5 27. Bf4 Bxf4 28.
exf4 Qxf4 29. Rxe6 g3 30. Qa6 Kh7 31. Qd6 Qh4 32. Rae1 Rd8 33. Rh6+ Qxh6 34.
Qxd8 Qh2+ 35. Kf1 Qh1+ 36. Ke2 Qxg2+ 37. Kd1 Qf3+ 38. Kc2 Qf2+ 39. Kd1 g2 40.
Qg5 Rd7+ {White resigns} 0-1

[Event "Team 45 45 League T41"]
[Site "Internet Chess Club"]
[Date "2009.05.24"]
[Round "4"]
[White "KNVB"]
[Black "izit"]
[Result "1-0"]
[WhiteElo "2363"]
[BlackElo "2170"]
[Opening "King's Indian: Sämisch, Panno main line"]
[ECO "E84"]
[Time "17:39:11"]
[TimeControl "2700+45"]

1. d4 Nf6 2. c4 g6 3. Nc3 Bg7 4. e4 O-O 5. Be3 d6 6. f3 Nc6 7. Nge2 a6 8. Qd2
Rb8 9. Nc1 e5 10. d5 Nd4 11. Nb3 Nxb3 12. axb3 c5 13. b4 cxb4 14. Na4 b5 15.
cxb5 axb5 16. Qxb4 Ne8 17. Nc3 Bh6 18. Bf2 Qg5 19. Nd1 f5 20. h4 Qf4 21. Be3
Qg3+ 22. Bf2 Qf4 23. Bd3 Nf6 24. O-O Ne8 25. Be1 fxe4 26. fxe4 Qg4 27. Rxf8+
Kxf8 28. Bf2 Bd7 29. Nc3 Bd2 30. Ra7 Ke7 31. Bxb5 Bxc3 32. bxc3 Rxb5 33. Qxb5
Nf6 34. Qd3 Nxe4 35. Be1 Qf4 36. Qf3 Qxf3 37. gxf3 Nc5 38. Bd2 Kf6 39. Be3 Bb5
40. Bxc5 dxc5 41. Ra5 {Black resigns} 1-0

[Event "Team 45 45 League T41"]
[Site "Internet Chess Club"]
[Date "2009.05.25"]
[Round "4"]
[White "kingcapture"]
[Black "akdog3"]
[Result "1/2-1/2"]
[WhiteElo "2228"]
[BlackElo "2237"]
[Opening "Philidor: exchange variation"]
[ECO "C41"]
[Time "19:00:30"]
[TimeControl "2700+45"]

1. e4 e5 2. Nf3 d6 3. d4 exd4 4. Nxd4 Nf6 5. Nc3 Be7 6. Bc4 O-O 7. O-O Re8 8. f3
c6 9. a4 d5 10. exd5 cxd5 11. Bb3 Nc6 12. Kh1 Bc5 13. Nce2 h6 14. c3 Qb6 15. Bc2
Bd7 16. a5 Qd8 17. b4 Bf8 18. Bb3 Rc8 19. Bd2 Ne5 20. Rc1 a6 21. Bf4 Nc4 22. Qd3
Nh5 23. g4 Nxf4 24. Nxf4 Qg5 25. Ng2 Bd6 26. Rce1 Ne5 27. Qd1 Ng6 28. Rxe8+ Rxe8
29. Nc2 Nf4 30. Nce1 Qe5 31. Nxf4 Qxf4 32. Rf2 Bxg4 33. Nd3 Qe4 34. fxe4 Bxd1
35. Bxd1 dxe4 36. Ne1 Rc8 37. Bb3 Rxc3 38. Bxf7+ Kh7 39. Bd5 e3 40. Be4+ Kg8 41.
Rc2 Bxb4 42. Rb2 Bxa5 43. Nf3 b6 44. Bb7 g5 45. Bxa6 Kg7 46. Kg2 Kf6 47. h3 Kf5
48. Be2 Kf4 49. Nh2 Rc6 50. Ng4 Rd6 51. Ra2 Bd2 52. Ra4+ Kf5 53. Kf3 Kg6 54. Re4
h5 55. Ne5+ Kg7 56. Rc4 Rf6+ 57. Ke4 Rf4+ 58. Kd3 Rxc4 59. Nxc4 {Game drawn by
mutual agreement} 1/2-1/2

[Event "Team 45 45 League T41"]
[Site "Internet Chess Club"]
[Date "2009.05.25"]
[Round "4"]
[White "playwaycool"]
[Black "Chessduke"]
[Result "1-0"]
[WhiteElo "2098"]
[BlackElo "2104"]
[Opening "QGD Slav: exchange variation, 6.Bf4 Bf5"]
[ECO "D14"]
[Time "14:06:49"]
[TimeControl "2700+45"]

1. d4 d5 2. c4 c6 3. cxd5 cxd5 4. Nf3 Nf6 5. Nc3 Nc6 6. Bf4 Bf5 7. Rc1 e6 8. e3
Bd6 9. Bxd6 Qxd6 10. Bd3 Bxd3 11. Qxd3 O-O 12. O-O Rfc8 13. a3 Na5 14. Ne5 a6
15. Rc2 b5 16. Rfc1 Nc4 17. e4 Nxe5 18. dxe5 Qxe5 19. Nxd5 Rxc2 20. Nxf6+ Qxf6
21. Qxc2 Rd8 22. Rd1 g6 23. Rxd8+ Qxd8 24. Kf1 Qd6 25. g3 Kg7 26. Ke2 e5 27. Qd3
Qc6 28. Kd2 Kf6 29. h4 h5 30. f3 Ke6 31. Qb3+ Ke7 32. Qc3 Qd6+ 33. Ke2 Kd7 34.
Qe3 Qc7 35. Qb3 Qc4+ 36. Qd3+ Qxd3+ 37. Kxd3 Kd6 38. a4 Kc5 39. axb5 axb5 40.
Kc3 f6 41. f4 b4+ 42. Kd3 Kb5 43. f5 gxf5 44. exf5 Kc5 45. g4 hxg4 46. h5 g3 47.
Ke3 e4 48. h6 g2 49. Kf2 {Black resigns} 1-0

[Event "Team 45 45 League T41"]
[Site "Internet Chess Club"]
[Date "2009.05.21"]
[Round "4"]
[White "jonesey"]
[Black "adh2050"]
[Result "1-0"]
[WhiteElo "2090"]
[BlackElo "2115"]
[Opening "English: symmetrical, Botvinnik system reversed"]
[ECO "A37"]
[Time "14:00:28"]
[TimeControl "2700+45"]

1. Nf3 c5 2. c4 Nc6 3. Nc3 g6 4. g3 Bg7 5. Bg2 e5 6. O-O d6 7. a3 Nge7 8. d3 O-O
9. Bg5 f6 10. Bd2 Be6 11. e4 Qd7 12. Rb1 Bg4 13. Qa4 Rfd8 14. b4 b6 15. Ne1 Qc8
16. f3 Bd7 17. b5 Nd4 18. Qa6 Qc7 19. f4 Rf8 20. Rb2 Rae8 21. Nc2 Bg4 22. Ne3
Ne2+ 23. Kh1 Bc8 24. Qa4 Nd4 25. Ra2 f5 26. Qd1 Bb7 27. Bc1 exf4 28. gxf4 fxe4
29. dxe4 Rf7 30. Qd3 Ref8 31. Raf2 Qb8 32. Ncd5 Nxd5 33. cxd5 Qe8 34. a4 Bc8 35.
Nc4 Qd8 36. Be3 a6 37. e5 dxe5 38. Nxe5 Nf5 39. Nxf7 Rxf7 40. Re2 Ra7 41. Bf2
axb5 42. Rfe1 Nd6 43. axb5 Ra5 44. Bh3 Bb7 45. Re7 Bf8 46. Be6+ Kh8 47. Qc3+
{Black resigns} 1-0

[Event "Team 45 45 League T41"]
[Site "Internet Chess Club"]
[Date "2009.05.22"]
[Round "4"]
[White "syy89"]
[Black "frothyjowels"]
[Result "1/2-1/2"]
[WhiteElo "2116"]
[BlackElo "2397"]
[Opening "French: Rubinstein variation"]
[ECO "C10"]
[Time "19:00:05"]
[TimeControl "2700+45"]

1. e4 e6 2. d4 d5 3. Nc3 dxe4 4. Nxe4 Nd7 5. Nf3 Ngf6 6. Nxf6+ Nxf6 7. Bd3 c5 8.
dxc5 Bxc5 9. O-O O-O 10. Bg5 b6 11. Qe2 Qc7 12. Bxf6 gxf6 13. Qe4 f5 14. Qh4 Qe7
15. Qh6 f6 16. Rae1 Qg7 17. Qh3 Qg4 18. Qh6 Bb7 19. h3 Qg3 20. Kh1 Qxf3 21. gxf3
Bxf3+ 22. Kg1 Kh8 23. Qf4 Rg8+ 24. Kh2 Rg2+ 25. Kh1 Rg3+ 26. Kh2 Rg2+ 27. Kh1
Rg3+ 28. Kh2 Rg2+ 29. Kh1 {Game drawn by repetition} 1/2-1/2

[Event "Team 45 45 League T41"]
[Site "Internet Chess Club"]
[Date "2009.05.23"]
[Round "4"]
[White "eurander"]
[Black "Pason"]
[Result "1/2-1/2"]
[WhiteElo "2226"]
[BlackElo "2072"]
[Opening "Sicilian: Alapin's variation (2.c3)"]
[ECO "B22"]
[Time "14:01:34"]
[TimeControl "2700+45"]

1. e4 c5 2. c3 e6 3. d4 d5 4. exd5 exd5 5. Nf3 Nf6 6. Bg5 Be7 7. dxc5 Bxc5 8.
Bb5+ Bd7 9. Bxf6 Qxf6 10. Bxd7+ Nxd7 11. O-O Nb6 12. Re1+ Kf8 13. Nbd2 g6 14. a4
Rd8 15. a5 Na8 16. Nb3 Bd6 17. Nbd4 Kg7 18. Qb3 Rd7 19. Rad1 Rhd8 20. Rd3 Bc7
21. Qa4 Qa6 22. Nb5 Bxa5 23. Ra1 Bb6 24. Qxa6 bxa6 25. Rxa6 Re8 26. Kf1 f6 27.
Ra1 Kf7 28. Rad1 Red8 29. Nbd4 Nc7 30. Nc6 Re8 31. Nb4 Red8 32. Nd4 Rd6 33. Re1
R8d7 34. Nbc6 Ne6 35. Nxe6 Rxe6 36. Nd4 Re4 37. f3 Rxe1+ 38. Kxe1 Ke7 39. Kd2
Kd6 40. Kc2 Re7 41. Rd2 Re1 42. Kd3 Rh1 43. h3 Re1 44. Nb5+ Ke5 45. b3 Kf4 46.
Kc2 Re5 47. Nd4 Kg3 48. Nc6 Rh5 49. Nb4 d4 50. cxd4 Ba5 51. Nd3 Bxd2 52. Kxd2
Rb5 53. Kc3 Kxg2 54. Kc4 Rb8 55. Nb4 Kxf3 56. Nc6 Rb7 57. d5 Ke4 58. d6 f5 59.
b4 f4 60. Na5 Rd7 61. Kc5 Ke5 62. Nc6+ Ke4 63. Na5 Kf5 64. Nb3 Ke5 65. Nd2 Ke6
66. Ne4 h6 67. Kc6 Rd8 68. Kc7 Rf8 69. d7 Kd5 70. Nd6 f3 71. Ne8 Rf7 72. Nf6+
Kc4 73. Ng4 Kxb4 74. Ne5 Rxd7+ 75. Kxd7 a5 76. Nxf3 a4 77. Nd4 g5 78. Ke6 h5 79.
Kf5 g4 80. hxg4 hxg4 81. Kxg4 Kc4 82. Nc2 Kc3 83. Na3 Kb3 84. Nb5 {Game drawn by
mutual agreement} 1/2-1/2

[Event "Team 45 45 League T41"]
[Site "Internet Chess Club"]
[Date "2009.05.26"]
[Round "4"]
[White "nardz"]
[Black "Gil-galad"]
[Result "1/2-1/2"]
[WhiteElo "2075"]
[BlackElo "2105"]
[Opening "Trompowsky attack (Ruth, Opocenský opening)"]
[ECO "A45"]
[Time "14:00:07"]
[TimeControl "2700+45"]

1. d4 Nf6 2. Bg5 c5 3. Bxf6 gxf6 4. d5 Qb6 5. Nd2 Qxb2 6. e3 f5 7. Bd3 Qf6 8.
Rb1 d6 9. Qf3 Rg8 10. Ne2 b6 11. Ng3 Nd7 12. Qxf5 Qxf5 13. Bxf5 Nf6 14. Bxc8
Rxc8 15. c4 e6 16. e4 Bh6 17. Rb2 Bf4 18. O-O h5 19. Re1 h4 20. Ngf1 Ng4 21. Nf3
Ne5 22. Nxe5 Bxe5 23. Rb3 Ke7 24. a4 Rg6 25. a5 bxa5 26. Rb7+ Kf6 27. Re3 Rg4
28. h3 Rf4 29. g3 hxg3 30. fxg3 Rg8 31. Kg2 Bd4 32. Re2 Rh4 33. Rxa7 Rhh8 34.
Rxa5 Ra8 35. Rxa8 Rxa8 36. Nh2 Ra1 37. Ng4+ Kg6 38. dxe6 fxe6 39. Rc2 Rg1+ 40.
Kf3 Rf1+ 41. Nf2 Re1 42. h4 Re3+ 43. Kg2 Re1 44. Kf3 Re3+ 45. Kg2 Re1 {Game
drawn by mutual agreement} 1/2-1/2

[Event "Team 45 45 League T41"]
[Site "Internet Chess Club"]
[Date "2009.05.22"]
[Round "4"]
[White "JustinSane"]
[Black "Rookmaster"]
[Result "1-0"]
[WhiteElo "2037"]
[BlackElo "1860"]
[Opening "Queen's pawn, Mason variation"]
[ECO "D00"]
[Time "20:54:58"]
[TimeControl "2700+45"]

1. d4 d5 2. Bf4 Nf6 3. e3 e6 4. Nf3 Be7 5. Ne5 Nbd7 6. Nd2 Nxe5 7. dxe5 Ne4 8.
Nxe4 dxe4 9. Qg4 Bf8 10. Rd1 Qe7 11. Bb5+ c6 12. Be2 Qb4+ 13. Rd2 Qxb2 14. O-O
h5 15. Qg5 Qb6 16. Rfd1 Be7 17. Qxg7 Rf8 18. Bg5 Qc7 19. Rd8+ Bxd8 20. Rxd8+
Qxd8 21. Bxd8 Kxd8 22. Qxf8+ Kc7 23. Qd6+ Kb6 24. Qd8+ Kc5 25. Qd4# {Black
checkmated} 1-0

[Event "Team 45 45 League T41"]
[Site "Internet Chess Club"]
[Date "2009.05.23"]
[Round "4"]
[White "SlimeDog2"]
[Black "gyoung"]
[Result "0-1"]
[WhiteElo "2232"]
[BlackElo "2332"]
[Opening "Dutch: Leningrad variation"]
[ECO "A87"]
[Time "23:00:47"]
[TimeControl "2700+45"]

1. d4 f5 2. c4 Nf6 3. g3 g6 4. Nc3 Bg7 5. Bg2 d6 6. Nf3 O-O 7. O-O Qe8 8. d5 Na6
9. Rb1 Bd7 10. b4 c6 11. dxc6 bxc6 12. a3 Nc7 13. Bb2 a5 14. b5 cxb5 15. cxb5
Rb8 16. a4 Ne6 17. Nd4 Nc5 18. Nc6 Bxc6 19. Bxc6 Qf7 20. Qd2 Rfc8 21. Rfd1 Ng4
22. Ba3 Nxf2 23. Bxc5 Nxd1 24. Rxd1 dxc5 25. Nd5 e6 26. Nf4 c4 27. Nxe6 Rxc6 28.
Qd8+ Rxd8 29. Rxd8+ Bf8 30. Rxf8+ Qxf8 31. Nxf8 Rd6 {White resigns} 0-1